 Dungeon Crawl Stone Soup version 0.31-a0-1227-g0136665373 (webtiles) character file.

Game seed: 13647846748308582680

20064 Joey1 the Severer (level 12, -15/175 HPs)
             Began as a Minotaur Berserker on Dec 14, 2023.
             Was a High Priest of Trog.
             Demolished by a tyrant leech (22 damage)
             ... on level 2 of the Lair of Beasts.
             The game lasted 00:29:18 (12348 turns).

Joey1 the Severer (Minotaur Berserker)             Turns: 12348, Time: 00:29:19

Health: -15/175    AC: 16    Str: 23    XL:     12   Next: 42%
Magic:  0/11       EV:  6    Int:  4    God:    Trog [*****.]
Gold:   713        SH: 10    Dex:  7    Spells: 11/11 levels left

rFire   . . .        M - +2 broad axe (flame)
rCold   + . .        K - +0 kite shield
rNeg    . . .        o - +0 plate armour
rPois   +            U - +2 hat
rElec   .            R - +1 cloak {Will+}
rCorr   .            (no gloves)
SInv    .            m - +0 pair of boots
Will    ++++.        Q - amulet of guardian spirit Stlth
                     w - ring "Orhuk" {rPois rC+ Will+++ Str-4 Dex-3}
HPRegen 0.49/turn    (no ring)
MPRegen 0.12/turn

%: guardian spirit
@: berserking, very quick
A: horns 2, retaliatory headbutt
a: Renounce Religion, Berserk, Trog's Hand, Brothers in Arms


You were on level 2 of the Lair of Beasts.
You worshipped Trog.
Trog was extremely pleased with you.
You visited 2 branches of the dungeon, and saw 12 of its levels.
You also visited: Sewer.

You collected 713 gold pieces.

Inventory:

Hand Weapons
 a - a +0 hand axe
 p - a +0 hand axe of freezing
 s - a +2 hand axe of electrocution
 t - a +0 war axe
 M - a +2 broad axe of flaming (weapon)
Missiles
 u - 32 poisoned darts
 N - a curare-tipped dart
 Y - 3 silver javelins
Armour
 b - a +0 animal skin
 m - a +0 pair of boots (worn)
 o - a +0 plate armour (worn)
 I - a +2 cloak
 K - a +0 kite shield (worn)
 R - a +1 cloak of willpower (worn)
 U - a +2 hat (worn)
 V - the +0 hat "Feheekol" {+Blink rF- rN+ Regen+}
   (You found it on level 10 of the Dungeon)

   rF-:       It makes you vulnerable to fire.
   rN+:       It protects you from negative energy.
   +Blink:    It lets you blink.
   Regen+:    It increases your rate of health regeneration.
 X - a +0 leather armour of fire resistance
Jewellery
 q - a ring of ice
 w - the ring "Orhuk" (left hand) {rPois rC+ Will+++ Str-4 Dex-3}
   (You found it on level 4 of the Dungeon)

   [ring of protection from cold]

   Str-4:     It affects your strength (-4).
   Dex-3:     It affects your dexterity (-3).
   rC+:       It protects you from cold.
   rPois:     It protects you from poison Will+++: It greatly increases your
   willpower.
 D - the ring "Wakhal" {Ice rPois Will- Int-3 Dex+6}
   (You found it on level 4 of the Dungeon)

   [ring of ice]

   Ice:       It enhances your ice magic.
   Int-3:     It affects your intelligence (-3).
   Dex+6:     It affects your dexterity (+6).
   rF-:       It makes you vulnerable to fire.
   rC+:       It protects you from cold.
   rPois:     It protects you from poison Will-: It decreases your willpower.
 Q - an amulet of guardian spirit (around neck)
 S - a +6 ring of dexterity
Wands
 i - a wand of iceblast (13)
 H - a wand of charming (40)
 L - a wand of flame (64)
 O - a wand of light (4)
Scrolls
 j - 2 scrolls of brand weapon
 k - 3 scrolls of enchant weapon
 n - 7 scrolls of teleportation
 v - 2 scrolls of enchant armour
 x - 3 scrolls of fear
 y - a scroll of fog {unknown}
 z - 2 scrolls of vulnerability {unknown}
 A - 3 scrolls of amnesia {unknown}
 B - 3 scrolls of butterflies {unknown}
 C - 2 scrolls of revelation {unknown}
 F - a scroll of immolation {unknown}
 G - 3 scrolls of blinking {unknown}
 J - 2 scrolls of torment {unknown}
 W - a scroll of poison {unknown}
Potions
 c - 5 potions of haste
 d - 4 potions of curing
 e - 2 potions of berserk rage
 f - 2 potions of resistance {unknown}
 g - 7 potions of enlightenment
 h - 2 potions of cancellation {unknown}
 l - 2 potions of attraction {unknown}
 r - 4 potions of might
 P - a potion of magic {unknown}
 T - 2 potions of heal wounds {unknown}
Miscellaneous
 E - a lightning rod (4/4)


   Skills:
 + Level 14.0 Fighting
 - Level 18.0 Axes
 - Level 3.0 Armour
 - Level 3.0 Dodging
 - Level 10.0 Shields


You had 11 spell levels left.
You didn't know any spells.
Your spell library was empty.

Dungeon Overview and Level Annotations

Branches:
Dungeon (10/15)            Temple (0/1) D:5            Lair (2/5) D:10
  Swamp (0/4) Lair:2        Snake (0/4) Lair:2          Orc (0/2) D:9
  Sewer (visited)

Altars:
Cheibriados
Fedhas
Gozag
Hepliaklqana
Makhleb
Okawaru
Vehumet
Wu Jian

Shops:
D:2 [   D:9 (

Annotations:
D:4 4 runed translucent doors


Innate Abilities, Weirdness & Mutations

You have a pair of horns on your head.
You reflexively headbutt those who attack you in melee.


Message History

You are too injured to fight recklessly!
You miss the tyrant leech. Your headbutt misses the tyrant leech.
You barely miss the tyrant leech. You closely miss the swamp worm.
The tyrant leech bites you!!
* * * LOW HITPOINT WARNING * * *
The tyrant leech draws strength from your injuries!
You closely miss the tyrant leech. You slice the tyrant leech!!
You burn the tyrant leech.
You kill the tyrant leech!
Trog accepts your kill.
You slash the swamp worm! You burn the swamp worm.
You kill the swamp worm!
Trog accepts your kill.
You miss the tyrant leech. The tyrant leech bites you!!
* * * LOW HITPOINT WARNING * * *
The tyrant leech draws strength from your injuries!
You slash the tyrant leech! You burn the tyrant leech.
Your headbutt misses the tyrant leech.
The tyrant leech is moderately wounded.
You slice the tyrant leech!! You burn the tyrant leech.
The tyrant leech bites you but does no damage.
You slash the tyrant leech! You burn the tyrant leech.
Your headbutt misses the tyrant leech.
The tyrant leech is heavily wounded.
You closely miss the tyrant leech. You slash the tyrant leech!
You burn the tyrant leech.
The tyrant leech is severely wounded.
You slice the tyrant leech!! You burn the tyrant leech.
You block the tyrant leech's attack.
You slash the tyrant leech! You burn the tyrant leech.
Your headbutt misses the tyrant leech.
The tyrant leech is almost dead.
You slash the tyrant leech! You burn the tyrant leech.
You kill the tyrant leech!
Trog accepts your kill.
Your Fighting skill increases to level 14!
You barely miss the tyrant leech. Your headbutt misses the tyrant leech.
The tyrant leech is almost dead.
The tyrant leech bites you!!
You die...

..P......## .........#
.+......# .. .........#
..#.....## #.. ..##.....#
#.......# +#... ###......♣♣#
##.....####..#.#
#..#.......♣♣♣♣♣...............
....%.....♣♣§§~♣♣.............#
..........♣≈≈§~†♣.............+
..........♣♣§§§w@.............#
.#......#♣♣§§§§♣♣....##..###...
###....## ♣♣♣♣ ♣♣..####.### .
.......##♣#♣♣♣♣♣...# #...P##...
.#P......+....♣♣...###.........
..+.....#...........##.........
.#.....##....#P..........#.#...
.##.....###P.###........~...~..
......## #P..##...#..~~~~~~~~.


You could see a tyrant leech.

Vanquished Creatures
  Erica (D:8)
  A two-headed ogre (D:10)
  2 deep elf pyromancers (D:10)
  Pikel (D:6)
  Maurice (D:7)
  2 black mambas (Lair:2)
  A torpor snail (Lair:1)
  A gargoyle (D:10)
  5 cane toads
  Maggie (D:7)
  A rime drake (Lair:1)
  Psyche (D:9)
  3 komodo dragons (Lair:1)
  A tengu conjurer (D:10)
  A troll (D:10)
  2 tyrant leeches (Lair:2)
  A hornet (D:9)
  A shadow (D:10)
  A wraith (D:9)
  22 yaks
  6 wyverns
  Grum (D:9)
  3 basilisks
  2 nagas (Lair:2)
  A swamp worm (Lair:2)
  11 water moccasins
  An ice beast (D:4)
  3 black bears (D:5)
  5 orc warriors
  A sky beast (D:5)
  A swamp drake (D:10)
  8 wolves
  5 centaurs
  2 kobold brigands
  A brain worm (Sewer)
  7 bullfrogs
  A gnoll sergeant (D:7)
  5 scorpions
  8 wights (D:8)
  3 killer bees (D:10)
  8 howler monkeys
  A crimson imp (D:10)
  3 gnoll boudas
  9 orc priests
  8 hounds
  An iron imp (D:10)
  5 iguanas
  10 orc wizards
  7 hell rats (Lair:1)
  Robin (D:2)
  18 gnolls
  15 adders
  4 river rats (Sewer)
  2 shadow imps
  3 white imps
  2 ufetubi (D:7)
  3 worms (Sewer)
  5 dart slugs
  47 orcs
  9 endoplasms
  2 giant cockroaches (D:2)
  12 hobgoblins
  7 jackals
  A quokka (Sewer)
  17 ball pythons
  7 bats
  3 frilled lizards
  17 goblins
  16 kobolds
  6 rats
374 creatures vanquished.

Notes
Turn   | Place    | Note
-------+----------+-------------------------------------------
     0 | D:1      | Joey1 the Minotaur Berserker began the quest for the Orb.
     0 | D:1      | Reached XP level 1. HP: 19/19 MP: 0/0
   176 | D:1      | Reached XP level 2. HP: 27/27 MP: 1/1
   182 | D:1      | Reached skill level 4 in Axes
   516 | D:1      | Reached ** piety under Trog
   539 | D:1      | Found a faded altar of an unknown god.
  1028 | D:2      | Found Bisoghecoust's Antique Armour Boutique.
  1046 | D:2      | Noticed Robin
  1052 | D:2      | Reached XP level 3. HP: 31/33 MP: 2/2
  1058 | D:2      | Killed Robin
  1513 | D:2      | Reached XP level 4. HP: 40/40 MP: 3/3
  1708 | D:2      | Reached skill level 5 in Axes
  2038 | D:3      | Reached XP level 5. HP: 47/47 MP: 4/4
  2186 | D:3      | Reached *** piety under Trog
  2218 | D:3      | Reached skill level 6 in Axes
  2218 | D:3      | Found a snail-covered altar of Cheibriados.
  2227 | D:3      | Found a blossoming altar of Fedhas.
  2623 | D:3      | Reached skill level 5 in Fighting
  3042 | D:4      | Reached XP level 6. HP: 33/56 MP: 5/5
  3112 | D:4      | Identified the ring "Orhuk" {rPois rC+ Will+++ Str-4 Dex-3}
  3140 | D:4      | Found a large runed translucent door.
  3141 | D:4      | Found a large runed translucent door.
  3172 | D:4      | Noticed an orc warrior
  3177 | D:4      | Killed an orc warrior
  3178 | D:4      | Reached skill level 7 in Axes
  3239 | D:4      | Found a large runed translucent door.
  3239 | D:4      | Found a large runed translucent door.
  3346 | D:4      | Found a hazy altar of Hepliaklqana.
  3426 | D:4      | Found a glowing drain.
  3431 | D:4      | Reached skill level 8 in Axes
  3440 | Sewer    | Entered a sewer
  3676 | Sewer    | Reached XP level 7. HP: 57/61 MP: 6/6
  4189 | D:4      | Reached skill level 9 in Axes
  4295 | D:4      | Reached skill level 10 in Axes
  4315 | D:4      | Reached **** piety under Trog
  4454 | D:4      | Found a radiant altar of Vehumet.
  4556 | D:4      | Identified the ring "Wakhal" {Ice rPois Will- Int-3 Dex+6}
  4678 | D:5      | Entered Level 5 of the Dungeon
  4683 | D:5      | Reached XP level 8. HP: 68/68 MP: 7/7
  4743 | D:5      | Reached skill level 11 in Axes
  4877 | D:5      | Found a staircase to the Ecumenical Temple.
  4890 | D:5      | Reached skill level 12 in Axes
  5098 | D:5      | Identified the +0 robe of Insecurity {Dex+3}
  5234 | D:5      | Reached skill level 13 in Axes
  5234 | D:5      | Reached skill level 1 in Shields
  5237 | D:5      | Reached XP level 9. HP: 59/74 MP: 8/8
  5443 | D:6      | Identified the +5 shortbow "Eraygiom" {flame, rPois Dex+2
                  | SInv}
  5605 | D:6      | Noticed Pikel
  5624 | D:6      | Killed Pikel
  5625 | D:6      | Reached skill level 14 in Axes
  6056 | D:7      | Noticed Maurice
  6065 | D:7      | Maurice stole a +0 war axe
  6085 | D:7      | Something stole a lightning rod (4/4)
  6100 | D:7      | Something stole 370 gold
  6101 | D:7      | Killed Maurice
  6161 | D:7      | Found a burning altar of Makhleb.
  6192 | D:7      | Noticed Maggie
  6201 | D:7      | Killed Maggie
  6419 | D:7      | Reached XP level 10. HP: 81/81 MP: 9/9
  6759 | D:7      | Reached ***** piety under Trog
  7254 | D:8      | Noticed Erica
  7263 | D:8      | Killed Erica
  7264 | D:8      | Reached skill level 10 in Shields
  7865 | D:8      | Found an opulent altar of Gozag.
  8140 | D:8      | Found an ornate altar of the Wu Jian Council.
  8554 | D:9      | Noticed Psyche
  8570 | D:9      | Killed Psyche
  8571 | D:9      | Reached skill level 15 in Axes
  8678 | D:9      | Found a staircase to the Orcish Mines.
  8678 | D:9      | Found Ojerghad's Weapon Emporium.
  9003 | D:9      | Noticed Grum
  9379 | D:9      | Killed Grum
  9380 | D:9      | Reached XP level 11. HP: 81/95 MP: 10/10
  9645 | D:10     | Entered Level 10 of the Dungeon
  9845 | D:10     | Found a staircase to the Lair.
  9955 | D:10     | Noticed a deep elf pyromancer
  9961 | D:10     | Killed a deep elf pyromancer
  9962 | D:10     | Reached skill level 16 in Axes
 10040 | D:10     | Identified the +0 hat "Feheekol" {+Blink rF- rN+ Regen+}
 10046 | D:10     | Noticed a deep elf pyromancer
 10051 | D:10     | Killed a deep elf pyromancer
 10052 | D:10     | Reached skill level 10 in Fighting
 10195 | D:10     | Found a faded altar of an unknown god.
 10215 | D:10     | Found an iron altar of Okawaru.
 10373 | D:10     | Noticed a two-headed ogre
 10378 | D:10     | Killed a two-headed ogre
 10379 | D:10     | Reached skill level 17 in Axes
 10562 | D:10     | Identified the +5 war axe of Imminent Death {heavy, *Slow
                  | rPois Will++ rCorr} (Trog gifted it to you on level 10 of
                  | the Dungeon)
 10562 | D:10     | Received a gift from Trog
 10663 | Lair:1   | Entered Level 1 of the Lair of Beasts
 10984 | Lair:1   | Reached skill level 18 in Axes
 11290 | Lair:1   | Reached XP level 12. HP: 107/110 MP: 11/11
 12117 | Lair:2   | Found a staircase to the Snake Pit.
 12328 | Lair:2   | Found a staircase to the Swamp.
 12343 | Lair:2   | HP: 6/174 [tyrant leech (18)]
 12348 | Lair:2   | Demolished by a tyrant leech

Illustrated notes

Levels and vault maps discovered:
D:1:      minmay_arrival_three_doors, layout_basic,
          ebering_ecumenical_altar_sacrificial
D:2:      minmay_diamond_boxcup, layout_basic, serial_shops,
          nicolae_shop_tiny_waterfront, uniq_robin
D:3:      layout_loops_corners, mainiacjoe_overflow_large_starburst,
          bh_walls_and_bars
D:4:      layout_rooms, mainiacjoe_overflow_chevrons,
          mainiacjoe_overflow_alcove_1, portal_sewer_entry_b,
          minmay_hollow_rounded_squares
D:5:      layout_rooms, minmay_temple_entry_proselytizer
D:6:      layout_rooms, uniq_pikel
D:7:      layout_loops_corners, lemuel_crystal_altar, minivault_11, uniq_maggie,
          uniq_maurice
D:8:      layout_loops_ring, nicolae_wu_jian_glorious_leap,
          grunt_gozag_breadcrumbs, uniq_erica
D:9:      layout_gridville, orc_david_3, uniq_psyche, uniq_grum
D:10:     layout_cross, okawaru_ov_weapons_minmay, due_lair_maze_entry_diamond,
          serial_column_ruins, column_ruins_hut, column_ruins_temple_hut,
          column_ruins_open_tiny, column_ruins_columns_plus,
          column_ruins_columns_dead_end, column_ruins_grid_1,
          column_ruins_columns_dead_end, hangedman_minor_magic
Lair:1:   layout_hall_layers, nicolae_quartered_pool_impasse,
          chequers_serial_rivers_large_b, wad_woods_06
Lair:2:   layout_regular_city, minmay_swamp_entry_worms,
          minmay_snake_entry_guardpost_small, grunt_megastairs_5,
          infiniplex_staircase_pool_2

Skill      XL: |  1  2  3  4  5  6  7  8  9 10 11 12 |
---------------+-------------------------------------+-----
Axes           | 4 5 6 8 10 13 14 15 18 | 18.0
Fighting       | 4 5 8 11 14 | 14.0
Armour         | 3 |  3.0
Dodging        | 3 |  3.0
Shields        | 2 9 10 | 10.0

Action                     |  1- 3 |  4- 6 |  7- 9 | 10-12 || total
---------------------------+-------+-------+-------+-------++-------
  Melee: Hand axe          |    70 |   171 |   226 |       ||   467
         Headbutt          |     5 |    19 |    36 |    79 ||   139
         Punch             |       |     1 |     3 |     3 ||     7
         Broad axe         |       |       |    10 |   463 ||   473
  Throw: Dart              |       |       |     1 |       ||     1
 Invoke: Berserk           |       |       |     3 |     4 ||     7
  Evoke: Wand              |       |       |       |     1 ||     1
    Use: Scroll            |       |       |     5 |     6 ||    11
 Armour: Animal skin       |    32 |       |       |       ||    32
         Plate armour      |    11 |   146 |   176 |   369 ||   702
  Dodge: Dodged            |    40 |    57 |    59 |   121 ||   277
  Block: Kite shield       |       |       |       |    54 ||    54

Table legend: (Time is in decaauts)
 A = Elapsed time spent in this place.
 B = Non-inter-level travel time spent in this place.
 C = Inter-level travel time spent in this place.
 D = Time resting spent in this place.
 E = Time spent auto-exploring this place.
 F = Levels seen in this place.
 G = Mean time per level.
                   A        B        C        D        E       F      G
               +--------+--------+--------+--------+--------+-----+--------+
         Total |  12516 |  11617 |    899 |   1340 |   8155 |  13 |  962.8 |
       Dungeon |   9905 |   9075 |    830 |    986 |   6540 |  10 |  990.5 |
          Lair |   1690 |   1621 |     69 |    354 |    958 |   2 |  845.0 |
         Sewer |    921 |    921 |      0 |      0 |    656 |   1 |  921.0 |
               +--------+--------+--------+--------+--------+-----+--------+

Top non-repeatable levels by time:
     D:9: 1400 daAuts
  Lair:1: 1307 daAuts
     D:8: 1126 daAuts
     D:7: 1061 daAuts
     D:1: 1031 daAuts
    D:10: 1010 daAuts
     D:4: 991 daAuts
     D:3: 978 daAuts
     D:2: 977 daAuts
   Sewer: 921 daAuts
     D:6: 680 daAuts
     D:5: 647 daAuts
  Lair:2: 382 daAuts
